PCL
MILE HIGH BRONCOS @ DISTRICT 9 PRAWNS
08/09/2030
 
TOP OF THE 1ST
Mile High Broncos batting - Pitching for District 9 Prawns : RHP Júlio Lucchi
Pitching: RHP Júlio Lucchi
Batting: RHB José Darias 0-0: Ball
1-0: Ground out 6-3 (Groundball, 6)
Batting: SHB Michael Field 0-0: Foul Ball, location: 2F
0-1: Foul Ball, location: 2F
0-2: Fly out, F9 (Flyball, 9)
Batting: RHB Rodney González 0-0: Ball
1-0: Ball
2-0: Called Strike
2-1: Swinging Strike
2-2: Strikes out looking
Top of the 1st over - 0 runs, 0 hits, 0 errors, 0 left on base; Mile High 0 - District 9 0
BOTTOM OF THE 1ST
District 9 Prawns batting - Pitching for Mile High Broncos : RHP Scott King
Pitching: RHP Scott King
Batting: SHB Júlio Macías 0-0: Called Strike
0-1: Called Strike
0-2: Ball
1-2: Strikes out looking
Batting: SHB David Boyle 0-0: Ball
1-0: SINGLE (Groundball, 34D)
Batting: LHB Terry Simpson 0-0: Ball
1-0: Grounds into double play, 4-6-3 (Groundball, 34)
Bottom of the 1st over - 0 runs, 1 hit, 0 errors, 0 left on base; Mile High 0 - District 9 0
TOP OF THE 2ND
Mile High Broncos batting - Pitching for District 9 Prawns : RHP Júlio Lucchi
Batting: RHB António Martínez 0-0: Called Strike
0-1: Ball
1-1: Foul Ball, location: 2F
1-2: Ground out 4-3 (Groundball, 4)
Batting: RHB Tim Hanson 0-0: Foul Ball, location: 2F
0-1: Ball
1-1: Ball
2-1: Foul Ball, location: 2F
2-2: Strikes out swinging
Batting: RHB Evan Robinson 0-0: Ball
1-0: Ball
2-0: Ground out 6-3 (Groundball, 6)
Top of the 2nd over - 0 runs, 0 hits, 0 errors, 0 left on base; Mile High 0 - District 9 0
BOTTOM OF THE 2ND
District 9 Prawns batting - Pitching for Mile High Broncos : RHP Scott King
Batting: LHB Mike Davis 0-0: Called Strike
0-1: Called Strike
0-2: Ball
1-2: Foul Ball, location: 2F
1-2: Ball
2-2: Foul Ball, location: 2F
2-2: Foul Ball, location: 2F
2-2: Ball
3-2: Base on Balls
Batting: SHB Chris Barrett 0-0: Ball
1-0: SINGLE (Line Drive, 4)
Mike Davis to second
Batting: LHB Manuel Cardenas 0-0: Called Strike
0-1: Swinging Strike
0-2: Strikes out swinging
Batting: RHB José Colón 0-0: Called Strike
0-1: Grounds into double play, 6-4-3 (Groundball, 6)
Bottom of the 2nd over - 0 runs, 1 hit, 0 errors, 1 left on base; Mile High 0 - District 9 0
TOP OF THE 3RD
Mile High Broncos batting - Pitching for District 9 Prawns : RHP Júlio Lucchi
Batting: SHB Ben Marks 0-0: Ball
1-0: Ball
2-0: Ball
3-0: Called Strike
3-1: Foul Ball, location: 2F
3-2: Strikes out looking
Batting: SHB Paco Martínez 0-0: Called Strike
0-1: Ball
1-1: Foul Ball, location: 2F
1-2: Ground out 6-3 (Groundball, 6)
Batting: RHB Tom Lang 0-0: Ball
1-0: Called Strike
1-1: Called Strike
1-2: Ball
2-2: Ball
3-2: Foul Ball, location: 2F
3-2: Base on Balls
Batting: RHB José Darias 0-0: Foul Ball, location: 2F
0-1: Foul Ball, location: 2F
0-2: Ball
1-2: Strikes out swinging
Top of the 3rd over - 0 runs, 0 hits, 0 errors, 1 left on base; Mile High 0 - District 9 0
BOTTOM OF THE 3RD
District 9 Prawns batting - Pitching for Mile High Broncos : RHP Scott King
Batting: LHB Jeff Doss 0-0: Ground out 6-3 (Groundball, 6M)
Batting: RHB Edgardo Carrasco 0-0: Foul Ball, location: 2F
0-1: Foul Ball, location: 2F
0-2: Foul Ball, location: 2F
0-2: Ball
1-2: Ball
2-2: Ground out 5-3 (Groundball, 5)
Batting: SHB Júlio Macías 0-0: Ball
1-0: Called Strike
1-1: Ground out 1-3 (Groundball, 13S)
Bottom of the 3rd over - 0 runs, 0 hits, 0 errors, 0 left on base; Mile High 0 - District 9 0
TOP OF THE 4TH
Mile High Broncos batting - Pitching for District 9 Prawns : RHP Júlio Lucchi
Batting: SHB Michael Field 0-0: Called Strike
0-1: Ball
1-1: DOUBLE (Flyball, 8RXD)
Batting: RHB Rodney González 0-0: SINGLE (Groundball, 4MD)
Michael Field to third
Runner from 3rd tries for Home, SAFE, no throw
Batting: RHB António Martínez 0-0: Called Strike
0-1: Foul Ball, location: 2F
0-2: Ball
1-2: Ball
2-2: Strikes out looking
Batting: RHB Tim Hanson 0-0: Ball
Rodney González steals 2nd base
1-0: Ground out 5-3 (Groundball, 5)
Batting: RHB Evan Robinson 0-0: Called Strike
0-1: Ball
1-1: Ball
2-1: Reached on error, E5 (Groundball, 5)
Rodney González to third
Batting: SHB Ben Marks 0-0: Called Strike
0-1: Ball
Wild Pitch!
Rodney González scores
Evan Robinson to second
1-1: Reached on error, E3 (Groundball, 3)
Evan Robinson to third
Batting: SHB Paco Martínez 0-0: Ball
1-0: Fly out, F7 (Flyball, 78M)
Top of the 4th over - 2 runs, 2 hits, 2 errors, 2 left on base; Mile High 2 - District 9 0
BOTTOM OF THE 4TH
District 9 Prawns batting - Pitching for Mile High Broncos : RHP Scott King
Batting: SHB David Boyle 0-0: Ball
1-0: TRIPLE (Flyball, 89XD)
Batting: LHB Terry Simpson 0-0: Ball
1-0: Called Strike
1-1: 2-RUN HOME RUN (Line Drive, 89XD), Distance : 430 ft
Batting: LHB Mike Davis 0-0: Ball
1-0: Swinging Strike
1-1: SOLO HOME RUN (Flyball, 9LD), Distance : 374 ft
Batting: SHB Chris Barrett 0-0: Ball
1-0: Ball
2-0: Foul Ball, location: 2F
2-1: Ball
3-1: DOUBLE (Line Drive, 89D)
Batting: LHB Manuel Cardenas 0-0: Ball
1-0: Called Strike
1-1: Ground out 5-3 (Groundball, 56)
Batting: RHB José Colón 0-0: Ball
1-0: Ball
2-0: Swinging Strike
2-1: SINGLE (Groundball, 6MD)
Chris Barrett to third
Runner from 3rd tries for Home, SAFE, no throw
Batting: LHB Jeff Doss 0-0: Ball
1-0: Ball
2-0: Foul Ball, location: 2F
2-1: Called Strike
2-2: SINGLE (Line Drive, 7S)
José Colón to second
Batting: RHB Edgardo Carrasco 0-0: Grounds into double play, 6-4-3 (Groundball, 6)
Bottom of the 4th over - 4 runs, 6 hits, 0 errors, 1 left on base; Mile High 2 - District 9 4
TOP OF THE 5TH
Mile High Broncos batting - Pitching for District 9 Prawns : RHP Júlio Lucchi
Batting: RHB Tom Lang 0-0: Called Strike
0-1: Ball
1-1: Swinging Strike
1-2: Ball
2-2: Ball
3-2: Foul Ball, location: 2F
3-2: Strikes out looking
Batting: RHB José Darias 0-0: Foul Ball, location: 2F
0-1: Swinging Strike
0-2: Strikes out swinging
Batting: SHB Michael Field 0-0: Foul Ball, location: 2F
0-1: Ground out U3 (Groundball, 3L)
Top of the 5th over - 0 runs, 0 hits, 0 errors, 0 left on base; Mile High 2 - District 9 4
BOTTOM OF THE 5TH
District 9 Prawns batting - Pitching for Mile High Broncos : RHP Scott King
Batting: SHB Júlio Macías 0-0: Ball
1-0: Ball
2-0: Fly out, F7 (Line Drive, 7)
Batting: SHB David Boyle 0-0: Called Strike
0-1: Ball
1-1: Ball
2-1: DOUBLE (Groundball, 3L)
Batting: LHB Terry Simpson 0-0: Called Strike
David Boyle steals 3rd base
0-1: SINGLE (Flyball, 7S)
David Boyle scores
Batting: LHB Mike Davis 0-0: Called Strike
0-1: Called Strike
0-2: Ball
1-2: Ball
2-2: Strikes out swinging
Batting: SHB Chris Barrett 0-0: Ball
1-0: Ball
2-0: Fly out, F8 (Flyball, 8LM)
Bottom of the 5th over - 1 run, 2 hits, 0 errors, 1 left on base; Mile High 2 - District 9 5
TOP OF THE 6TH
Mile High Broncos batting - Pitching for District 9 Prawns : RHP Júlio Lucchi
Batting: RHB Rodney González 0-0: Ball
1-0: Ball
2-0: Called Strike
2-1: Foul Ball, location: 2F
2-2: Ball
3-2: Base on Balls
Batting: RHB António Martínez 0-0: Called Strike
0-1: Foul Ball, location: 2F
0-2: Ball
1-2: Ball
2-2: Strikes out swinging
Batting: RHB Tim Hanson 0-0: Ball
1-0: Ground out 6-3 (Groundball, 6S)
Rodney González to second
Batting: RHB Evan Robinson 0-0: Fly out, F9 (Line Drive, 89D)
Top of the 6th over - 0 runs, 0 hits, 0 errors, 1 left on base; Mile High 2 - District 9 5
BOTTOM OF THE 6TH
District 9 Prawns batting - Pitching for Mile High Broncos : RHP Scott King
Batting: LHB Manuel Cardenas 0-0: Called Strike
0-1: Ball
1-1: Ball
2-1: Swinging Strike
2-2: Ball
3-2: Base on Balls
Batting: RHB José Colón 0-0: Ball
1-0: Swinging Strike
1-1: Foul Ball, location: 2F
1-2: Strikes out swinging
Batting: LHB Jeff Doss 0-0: Grounds into double play, 4-6-3 (Groundball, 4)
Bottom of the 6th over - 0 runs, 0 hits, 0 errors, 0 left on base; Mile High 2 - District 9 5
TOP OF THE 7TH
Mile High Broncos batting - Pitching for District 9 Prawns : RHP Júlio Lucchi
Batting: SHB Ben Marks 0-0: Swinging Strike
0-1: Swinging Strike
0-2: Ball
1-2: Strikes out swinging
Batting: SHB Paco Martínez 0-0: Foul Ball, location: 2F
0-1: Ball
1-1: Ball
2-1: Swinging Strike
2-2: SINGLE (Groundball, 4MD)
Batting: RHB Tom Lang 0-0: Ball
1-0: Called Strike
1-1: Called Strike
1-2: Strikes out swinging
Batting: RHB José Darias 0-0: Ball
1-0: Ball
2-0: Called Strike
2-1: Ground out 4-3 (Groundball, 34)
Top of the 7th over - 0 runs, 1 hit, 0 errors, 1 left on base; Mile High 2 - District 9 5
BOTTOM OF THE 7TH
District 9 Prawns batting - Pitching for Mile High Broncos : RHP Scott King
Pitching: RHP José García
Batting: RHB Edgardo Carrasco 0-0: Called Strike
0-1: Ground out 5-3 (Groundball, 56)
Batting: SHB Júlio Macías 0-0: Ground out 4-3 (Groundball, 4)
Batting: SHB David Boyle 0-0: Ball
1-0: Foul Ball, location: 2F
1-1: Foul Ball, location: 2F
1-2: Fly out, F8 (Flyball, 8RM)
Bottom of the 7th over - 0 runs, 0 hits, 0 errors, 0 left on base; Mile High 2 - District 9 5
TOP OF THE 8TH
Mile High Broncos batting - Pitching for District 9 Prawns : RHP Júlio Lucchi
Pitching: RHP Mike Stabler
Batting: SHB Michael Field 0-0: Foul Ball, location: 2F
0-1: Ball
1-1: Foul Ball, location: 2F
1-2: Strikes out swinging
Batting: RHB Rodney González 0-0: SINGLE (Groundball, 6MD)
Batting: RHB António Martínez 0-0: Grounds into double play, 3-6-3 (Groundball, 34)
Top of the 8th over - 0 runs, 1 hit, 0 errors, 0 left on base; Mile High 2 - District 9 5
BOTTOM OF THE 8TH
District 9 Prawns batting - Pitching for Mile High Broncos : LHP Jorge García
Pitching: LHP Jorge García
Batting: LHB Terry Simpson 0-0: SINGLE (Groundball, 34D)
Batting: LHB Mike Davis 0-0: Foul Ball, location: 2F
0-1: Foul Ball, location: 2F
0-2: Ball
1-2: Ball
2-2: Ball
3-2: DOUBLE (Flyball, 78XD)
Terry Simpson to third
Batting: SHB Chris Barrett 0-0: Swinging Strike
0-1: Fly out, F7 (Flyball, 7LDF)
Runner from 3rd tags up, SCORES, no throw
Batting: LHB Manuel Cardenas 0-0: Swinging Strike
0-1: Ground out U3 (Groundball, 3)
Mike Davis to third
Batting: RHB José Colón 0-0: Ball
1-0: Called Strike
1-1: Ground out 5-3 (Groundball, 56)
Bottom of the 8th over - 1 run, 2 hits, 0 errors, 1 left on base; Mile High 2 - District 9 6
TOP OF THE 9TH
Mile High Broncos batting - Pitching for District 9 Prawns : RHP Mike Stabler
Batting: RHB Tim Hanson 0-0: Ball
1-0: Ball
2-0: Called Strike
2-1: Ball
3-1: Ground out 1-3 (Groundball, 13)
Batting: RHB Evan Robinson 0-0: Foul Ball, location: 2F
0-1: Ball
1-1: Called Strike
1-2: Strikes out looking
Batting: SHB Ben Marks 0-0: Ball
1-0: Ball
2-0: Called Strike
2-1: Called Strike
2-2: Foul Ball, location: 2F
2-2: Fly out, F7 (Flyball, 7LSF)
Top of the 9th over - 0 runs, 0 hits, 0 errors, 0 left on base; Mile High 2 - District 9 6
Saturday, April 7th, 2018 - OOTP Baseball 18.8 Build 76